cohdb
Replays
Latest Replays
All Replays
Popular Replays
Top Player Replays
Match Explorer
How It Works
Community
CoH3 Stats
Reddit
Sign in to upload your games and track your stats! →
Sign in with Steam
Match 45197595
Unlisted
Match 45197595
Overview
Messages
Build Orders
End
Kradschützen Motorcycle Team
Selects Italian Infantry
Panzergrenadier Squad
Panzergrenadier Squad
Construct Light Support Kompanie
Fire Support Elements
le.IG 18 Support Gun Team
Selects Guastatori Squad
le.IG 18 Mechanized Group
Guastatori Squad
Construct Panzerarmee Kommand
Pak 38 Mechanized Group
Selects Defensive Operations
Selects Territory Booby Traps
Walking Stuka Rocket Launcher
Selects Obice 305mm Barrage
Selects Registered Artillery
Registered Artillery
Vehicle Survival Package
Tungsten Core Ammunition
Rapid Advance
Emergency Repair Kits
Advanced Field Repairs
Armored Reserves
Obice 305mm Barrage
Registered Artillery
Registered Artillery
Guastatori Squad
Obice 305mm Barrage
Registered Artillery
✠KREUZZUG✠
Wonky
Crazy Dog
t48football
Anti-Something Squad
did u guys freeze
JVM
NSAsBest
0
0
Comments
sign in to comment!
No comments posted yet!